 Dungeon Crawl Stone Soup version 0.31-a0-89-g637a80eef8 (webtiles) character file.

Game seed: 3906002845226151597

472 Kenran the Chopper (level 6, 0/66 HPs)
             Began as a Vampire Gladiator on May 25, 2023.
             Was a Believer of Qazlal.
             Succumbed to a kobold brigand's poison
             ... in a sewer.
             The game lasted 00:08:59 (3806 turns).

Kenran the Chopper (Vampire Gladiator)              Turns: 3806, Time: 00:09:00

Health: 0/66       AC: 10    Str: 21    XL:     6   Next: 83%
Magic:  6/6        EV:  9    Int: 11    God:    Qazlal [**....]
Gold:   202        SH:  3    Dex: 15    Spells: 5/5 levels left

rFire   . . .        a - +1 war axe
rCold   . . .        (no shield)
rNeg    . . .        m - +0 chain mail
rPois   .            c - +0 helmet
rElec   .            (no cloak)
rCorr   .            s - +0 pair of gloves
SInv    +            (no boots)
Will    +....        (no amulet) Stlth
                     p - +6 ring of strength
HPRegen 0.51/turn    (no ring)
MPRegen 0.10/turn

%: no passive effects
@: berserking, lethally poisoned (0 -> 0), attractive, enlightened, flying,
healing quickly, very quick
A: alive, fangs 3, see invisible, vampiric 2
a: Exsanguinate, Renounce Religion, Upheaval


You were in a sewer.
You worshipped Qazlal.
Qazlal was pleased with you.
You visited 1 branch of the dungeon, and saw 5 of its levels.
You also visited: Sewer.

You collected 202 gold pieces.

Inventory:

Hand Weapons
 a - a +1 war axe (weapon)
 v - a +2 hand axe of flaming
Missiles
 d - a throwing net (quivered)
 e - a javelin
Armour
 c - a +0 helmet (worn)
 m - a +0 chain mail (worn)
 s - a +0 pair of gloves (worn)
Jewellery
 p - a +6 ring of strength (left hand)
Scrolls
 b - a scroll of vulnerability {!r}
 f - a scroll of immolation {!r}
 g - a scroll of teleportation
 i - a scroll of brand weapon {unknown}
 j - a scroll of enchant armour {unknown}
 l - a scroll of amnesia {unknown}
 o - a scroll of fog {unknown}
 t - 4 scrolls of enchant weapon
 u - a scroll of torment {unknown}
Potions
 q - a potion of haste {unknown}
 r - a potion of heal wounds {unknown}


   Skills:
 - Level 2.2 Fighting
 - Level 3.2 Long Blades
 + Level 5.9 Axes
 - Level 1.8 Throwing
 - Level 3.5 Dodging


You had 5 spell levels left.
You didn't know any spells.
Your spell library contained the following spells:

 Spells                   Type           Power      Damage    Failure   Level
 Magic Dart               Conj           0%         1d3       96%         1
 Searing Ray              Conj           0%         2d4       99%         2
 Inner Flame              Hex/Fire       0%         N/A       100%        3
 Flame Wave               Conj/Fire      0%         2d4       100%        4
 Fulminant Prism          Conj/Hex       0%         3d5       100%        4
 Sticky Flame             Conj/Fire      0%         2d3       100%        4


Dungeon Overview and Level Annotations

Branches:
Dungeon (5/15)             Temple (0/1) D:4           Sewer (1/1)

Altars:
Qazlal

Shops:
D:1 (*


Innate Abilities, Weirdness & Mutations

Your natural rate of healing is accelerated.
You have razor-sharp teeth.
You have supernaturally acute eyesight. (SInv)
You are afflicted with vampirism and can become a bat while bloodless.


Message History

You see here a +0 short sword.
You barely miss the kobold brigand. You bite the kobold brigand.
The kobold brigand is lightly wounded.
You feel very sick.
The kobold brigand hits you with a +0 dagger.
You hit the kobold brigand.
The kobold brigand is moderately wounded.
You feel sick.
The kobold brigand hits you with a +0 dagger. x2
* * * LOW HITPOINT WARNING * * *
You hit the kobold brigand. You bite the kobold brigand.
The kobold brigand is moderately wounded.
You feel sick.
The kobold brigand hits you with a +0 dagger.
* * * LOW HITPOINT WARNING * * *
Okay, then.
Okay, then.
It was a potion of enlightenment.
You feel very buoyant.
You fly up into the air.
* * * LOW HITPOINT WARNING * * *
You feel sick.
The kobold brigand hits you but does no damage.
It was a potion of attraction.
You feel attractive to monsters.
* * * LOW HITPOINT WARNING * * *
You feel sick. You block the kobold brigand's attack.
It was a potion of berserk rage.
A red film seems to cover your vision as you go berserk!
You feel yourself moving faster!
You feel mighty!
You feel sick. The kobold brigand barely misses you.
You are too berserk!
You slash the kobold brigand!
The kobold brigand is almost dead.
You feel sick.
The kobold brigand hits you with a +0 dagger.
* * * LOW HITPOINT WARNING * * *
You barely miss the kobold brigand.
The kobold brigand is almost dead.
You die... ≣≣ ≣≣≣≣≣

## .≣≣ ≣≣..~≣≣ .####
..≣≣≣≣≣.~...≣####○...#
..~~~)~~........@K..#
..≣≣≣≣≣....~≣####.?~#
~≣≣ ≣≣~..≣≣ .~## ≣≣
≣≣~≣≣ ### ≣ ≣~≣ ≣ ≣~≣
≣≣ ≣~≣


≣≣≣≣≣ †≣≣ ~~. ≣≣.~.≣≣ ..≣≣≣ ≣≣≣≣..~..≣ You could see a kobold brigand.

Vanquished Creatures
  A scorpion (D:4)
  A jelly (D:5)
  An orc priest (D:3)
  An iguana (D:5)
  A sleepcap (D:5)
  Terence (D:2)
  3 orc wizards
  Robin (D:2)
  6 adders
  A river rat (Sewer)
  4 worms
  3 dart slugs
  13 orcs
  4 endoplasms
  A giant cockroach (D:4)
  13 goblins
  9 hobgoblins
  4 jackals (D:4)
  A quokka (D:3)
  8 ball pythons
  5 bats
  3 frilled lizards
  12 kobolds
  3 rats (D:2)
100 creatures vanquished.

Notes
Turn   | Place    | Note
-------+----------+-------------------------------------------
     0 | D:1      | Kenran the Vampire Gladiator began the quest for the Orb.
     0 | D:1      | Reached XP level 1. HP: 16/16 MP: 1/1
   175 | D:1      | Found Reyd's Weapon Shop.
   277 | D:1      | Reached XP level 2. HP: 21/22 MP: 2/2
   659 | D:1      | Found Vacwirch's Assorted Antiques.
   821 | D:2      | Noticed Terence
   991 | D:2      | Gained mutation: You are afflicted with vampirism and can
                  | become a bat while bloodless. [Vampire growth]
   991 | D:2      | Reached XP level 3. HP: 24/27 MP: 3/3
  1020 | D:2      | Reached skill level 1 in Axes
  1067 | D:2      | Killed Terence
  1068 | D:2      | Reached skill level 2 in Axes
  1135 | D:2      | Found a faded altar of an unknown god.
  1182 | D:2      | Prayed at the altar of an unknown god.
  1182 | D:2      | Became a worshipper of Qazlal Stormbringer
  1182 | D:2      | Reached * piety under Qazlal
  1266 | D:2      | Reached XP level 4. HP: 26/33 MP: 4/4
  1481 | D:3      | Reached skill level 3 in Axes
  1855 | D:3      | Noticed Robin
  2003 | D:2      | Killed Robin
  2024 | D:3      | Reached XP level 5. HP: 38/38 MP: 5/5
  2032 | D:3      | Reached ** piety under Qazlal
  2197 | D:3      | Reached skill level 4 in Axes
  2713 | D:4      | Found a staircase to the Ecumenical Temple.
  3034 | D:4      | Reached XP level 6. HP: 31/44 MP: 6/6
  3450 | D:5      | Entered Level 5 of the Dungeon
  3455 | D:5      | Reached skill level 5 in Axes
  3536 | D:5      | Found a glowing drain.
  3558 | Sewer    | Entered a sewer
  3802 | Sewer    | HP: 2/44 [poisoned by a kobold brigand]
  3806 | Sewer    | Succumbed to a kobold brigand's poison

Illustrated notes

Levels and vault maps discovered:
D:1:      dpeg_arrival_arbitrary_c, layout_loops_ring, serial_shops, shop,
          nicolae_shop_waterfront
D:2:      layout_basic, hellmonk_ecumenical_altar_inner_sanctum, uniq_terence
D:3:      mumra_celtic_spiral_tile, layout_basic, hangedman_decor_points,
          hangedman_abyss_or_decor_stabs, uniq_robin
D:4:      layout_cave_pods, minmay_temple_entry_grid
D:5:      layout_cave_pools, amcnicky_altar_gilded,
          cheibrodos_sewer_entry_sluice, kennysheep_generic_room_13
Sewer:    sewer_co_15_rooms

Skill      XL: |  1  2  3  4  5  6 |
---------------+-------------------+-----
Fighting       | 2 |  2.2
Axes           | 2 3 4 5 |  5.9
Long Blades    | |  3.2
Throwing       | |  1.8
Dodging        | |  3.5

Action                     |  1- 3 |  4- 6 || total
---------------------------+-------+-------++-------
  Melee: Long sword        |    48 |       ||    48
         Bite              |    10 |    22 ||    32
         War axe           |    43 |   199 ||   242
         Punch             |     1 |     2 ||     3
  Throw: Throwing net      |     3 |       ||     3
         Javelin           |     1 |       ||     1
    Use: Scroll            |       |     5 ||     5
         Potion            |       |     3 ||     3
 Armour: Leather armour    |    14 |       ||    14
         Chain mail        |    21 |   125 ||   146
  Dodge: Dodged            |    55 |   105 ||   160
  Block: Other             |       |    11 ||    11

Table legend: (Time is in decaauts)
 A = Elapsed time spent in this place.
 B = Non-inter-level travel time spent in this place.
 C = Inter-level travel time spent in this place.
 D = Time resting spent in this place.
 E = Time spent auto-exploring this place.
 F = Levels seen in this place.
 G = Mean time per level.
                   A        B        C        D        E       F      G
               +--------+--------+--------+--------+--------+-----+--------+
         Total |   3934 |   3808 |    126 |    191 |   2472 |   6 |  655.7 |
       Dungeon |   3638 |   3512 |    126 |    176 |   2348 |   5 |  727.6 |
         Sewer |    296 |    296 |      0 |     15 |    124 |   1 |  296.0 |
               +--------+--------+--------+--------+--------+-----+--------+

Top non-repeatable levels by time:
     D:3: 1218 daAuts
     D:2: 811 daAuts
     D:4: 803 daAuts
     D:1: 736 daAuts
   Sewer: 296 daAuts
     D:5: 67 daAuts
